 Dungeon Sprint DCSS version 0.21.1-1-g345015f (webtiles) character file.

4579 Fang the Fighter (level 10, -1/103 HPs)
             Began as a Minotaur Berserker on May 1, 2018.
             Was a High Priest of Trog.
             Slain by a freezing wraith (3 damage)
             ... summoned by a mummy priest
             ... in the Dungeon (Sprint V: "Ziggurat Sprint").
             The game lasted 00:04:02 (409 turns).

Fang the Fighter (Minotaur Berserker)                Turns: 409, Time: 00:04:03

Health: -1/103     AC: 19    Str: 30    XL:     10   Next: 18%
Magic:  9/9        EV: 12    Int:  2    God:    Trog [*****.]
Gold:   0          SH:  0    Dex: 11    Spells: 9/9 levels left

rFire    . . .     SeeInvis +   D - +7 battleaxe "Orb Guardian's Curse" {holy, rC++ Int-2 SInv}
rCold    + + .     Gourm    .   (shield currently unavailable)
rNeg     . . .     Faith    .   j - +5 shadow dragon scales
rPois    .         Spirit   .   (helmet restricted)
rElec    .         Reflect  .   (no cloak)
rCorr    .         Harm     .   (no gloves)
MR       .....     NoTele   +   (no boots)
Stlth    +++.......             (no amulet)
HPRegen  0.27/turn              F - +6 ring of strength
MPRegen  0.11/turn              G - ring of flight

@: berserk cooldown, slowed, very slow
A: retaliatory headbutt, horns 2
a: Berserk, Trog's Hand, Brothers in Arms, Burn Spellbooks, Renounce Religion,
Evoke Flight


You were in the Dungeon.
You worshipped Trog.
Trog was extremely pleased with you.
You were not hungry.

You visited 1 branch

Inventory:

Hand Weapons
 l - a +5 demon trident
 D - the +7 battleaxe "Orb Guardian's Curse" (weapon) {holy, rC++ Int-2 SInv}
   (Trog gifted it to you in the Dungeon)

   It has been blessed by the Shining One to cause great damage to the undead
   and demons.
   It affects your intelligence (-2).
   It greatly protects you from cold.
   It lets you see invisible.
Armour
 j - +5 shadow dragon scales (worn)
Jewellery
 F - a +6 ring of strength (left hand)
 G - a ring of flight (right hand)
Wands
 x - a wand of disintegration (7)
 y - a wand of iceblast (7)
 z - a wand of acid (7)
Scrolls
 i - 4 scrolls of blinking
 m - 7 scrolls of fog
 n - a scroll of holy word
 o - 5 scrolls of identify
 p - 5 scrolls of remove curse
 q - 2 scrolls of fear
 A - a scroll of brand weapon
Potions
 d - 10 potions of curing
 e - 10 potions of heal wounds
 f - 6 potions of haste
 g - 7 potions of magic
 h - 3 potions of berserk rage
 r - 2 potions of brilliance
 s - 2 potions of invisibility
 t - 4 potions of resistance
 v - 6 potions of agility
 w - 5 potions of might
Miscellaneous
 a - a box of beasts
 B - a lamp of fire
Comestibles
 b - 4 chunks of flesh
 c - 7 rations


   Skills:
 + Level 14.0 Fighting
 + Level 13.1(15.1) Axes
 + Level 13.1(15.2) Polearms
 + Level 9.7 Armour
 + Level 7.0 Dodging
 + Level 2.5 Stealth


You had 9 spell levels left.
You didn't know any spells.

Dungeon Overview and Level Annotations

Branches:
Dungeon (1/1)

Altars:
Ashenzari
Cheibriados
Dithmenos
Elyvilon
Fedhas
Gozag
Hepliaklqana
Kikubaaqudgha
Makhleb
Nemelex Xobeh
Okawaru
Qazlal
Ru
Sif Muna
Trog
Uskayaw
Vehumet
Wu Jian
Xom
Yredelemnul
Zin
The Shining One
Beogh
Jiyva
Lugonu

Annotations:
D 1 transporter


Innate Abilities, Weirdness & Mutations

You reflexively headbutt those who attack you in melee.
You have a pair of horns on your head.


Message History

You barely miss the mummy priest. You barely miss the freezing wraith.
You slash the guardian mummy!
The guardian mummy convulses!
You miss the flayed ghost. The flayed ghost closely misses you.
The freezing wraith hits you.
* * * LOW HITPOINT WARNING * * *
The freezing wraith freezes you. You resist.
* * * LOW HITPOINT WARNING * * *
The freezing wraith hits you.
* * * LOW HITPOINT WARNING * * *
The freezing wraith drains your vigour!
You feel as though you will be slow longer.
The mummy priest hits you.
* * * LOW HITPOINT WARNING * * *
The guardian mummy is engulfed in freezing vapours.
The orange demon barely misses you.
The flayed ghost hits you but does no damage.
The freezing wraith hits you!
* * * LOW HITPOINT WARNING * * *
The freezing wraith freezes you. You resist.
You die...

▓...©....▓...©....▓
▓▓▓▓▓▓▓▓▓▓▓▓▓▓▓▓▓▓▓
▓..8©8..▓ ▓..[)[..▓
▓..:)...▓ ▓.......▓
▓.44M...▓ ▓..W§W3.▓
▓.4M@MM.▓ ▓.▓4..▓.▓
▓...©...▓ ▓▓▓▓▓▓▓▓▓


You could see 2 mummy priests, a flayed ghost, a sun demon, an orange demon, 2
guardian mummies, an ice devil, a freezing wraith and 2 red devils.

Vanquished Creatures
  5 toenail golems (D)
  A guardian mummy (D)
  A steam dragon (shapeshifter) (D)
  2 ice beasts (D)
  A scorpion (shapeshifter) (D)
  4 scorpions (D)
  An adder (D)
  A white imp (D)
  2 adder simulacra (D)
  2 ball pythons (D)
20 creatures vanquished.

Notes
Turn   | Place    | Note
-------+----------+-------------------------------------------
     0 | D        | Found the +6 Majin-Bo {vamp, Archmagi MP+6 Int+6}
     0 | D        | Found the +7 great mace "Firestarter" {inner flame, rF++}
     0 | D        | Fang the Minotaur Berserker began the quest for the Orb.
     0 | D        | Reached XP level 1. HP: 19/19 MP: 0/0
     5 | D        | Found a blossoming altar of Fedhas.
     6 | D        | Found a viscous altar of Jiyva.
     6 | D        | Found a hazy altar of Hepliaklqana.
     6 | D        | Found a transporter.
     6 | D        | Found an opulent altar of Gozag.
     6 | D        | Found an ancient bone altar of Kikubaaqudgha.
     6 | D        | Found a corrupted altar of Lugonu.
    12 | D        | Found a burning altar of Makhleb.
    13 | D        | Found a stormy altar of Qazlal.
    13 | D        | Found a sacrificial altar of Ru.
    13 | D        | Found an iron altar of Okawaru.
    13 | D        | Found a deep blue altar of Sif Muna.
    13 | D        | Found a sparkling altar of Nemelex Xobeh.
    13 | D        | Found a bloodstained altar of Trog.
    75 | D        | Entered arena 2.
    75 | D        | Noticed a swamp drake
    75 | D        | Noticed a scorpion
    75 | D        | Found a transporter.
    76 | D        | Noticed a steam dragon
    76 | D        | a swamp drake changed into a steam dragon
    78 | D        | Killed a scorpion
    78 | D        | Reached skill level 6 in Fighting
    78 | D        | Reached XP level 2. HP: 31/31 MP: 1/1
    78 | D        | Reached XP level 3. HP: 38/38 MP: 2/2
    82 | D        | Killed a steam dragon
    82 | D        | Reached skill level 8 in Fighting
    82 | D        | Reached skill level 1 in Polearms
    82 | D        | Reached skill level 5 in Armour
    82 | D        | Reached XP level 4. HP: 44/49 MP: 3/3
    82 | D        | Reached XP level 5. HP: 50/56 MP: 4/4
   210 | D        | Entered arena 3.
   210 | D        | Found a transporter.
   213 | D        | Reached ** piety under Trog
   216 | D        | Reached skill level 9 in Fighting
   229 | D        | Reached *** piety under Trog
   262 | D        | Entered arena 4.
   262 | D        | Found a transporter.
   269 | D        | Reached XP level 6. HP: 64/66 MP: 5/5
   272 | D        | Reached **** piety under Trog
   272 | D        | Reached skill level 10 in Fighting
   272 | D        | Reached skill level 10 in Axes
   337 | D        | Entered arena 5.
   337 | D        | Noticed an ice beast
   337 | D        | Noticed an ice beast
   337 | D        | Found a transporter.
   339 | D        | Reached ***** piety under Trog
   342 | D        | Killed an ice beast
   342 | D        | Reached skill level 5 in Polearms
   342 | D        | Reached skill level 5 in Dodging
   349 | D        | Killed an ice beast
   349 | D        | Reached skill level 11 in Fighting
   349 | D        | Reached XP level 7. HP: 72/74 MP: 6/6
   360 | D        | Received a gift from Trog
   365 | D        | Entered arena 6.
   365 | D        | Noticed a toenail golem
   365 | D        | Noticed a toenail golem
   365 | D        | Noticed a toenail golem
   365 | D        | Noticed a toenail golem
   365 | D        | Noticed a toenail golem
   365 | D        | Found a transporter.
   371 | D        | Killed a toenail golem
   371 | D        | Reached skill level 12 in Fighting
   372 | D        | Killed a toenail golem
   372 | D        | Reached XP level 8. HP: 85/85 MP: 7/7
   376 | D        | Killed a toenail golem
   376 | D        | Reached skill level 10 in Polearms
   379 | D        | Killed a toenail golem
   379 | D        | Reached skill level 13 in Fighting
   382 | D        | Killed a toenail golem
   382 | D        | Reached XP level 9. HP: 93/93 MP: 8/8
   392 | D        | Received a gift from Trog
   395 | D        | Got an encrusted battleaxe {god gift}
   396 | D        | Identified the +7 battleaxe "Orb Guardian's Curse" {holy, rC++ Int-2 SInv} (Trog gifted it to you in the Dungeon)
   402 | D        | Entered arena 7.
   402 | D        | Noticed a guardian mummy
   402 | D        | Noticed a mummy priest
   402 | D        | Noticed a guardian mummy
   402 | D        | Noticed a mummy priest
   402 | D        | Noticed a guardian mummy
   403 | D        | Found a transporter.
   405 | D        | Noticed a freezing wraith
   405 | D        | Noticed a flayed ghost
   406 | D        | Reached XP level 10. HP: 45/102 MP: 9/9
   408 | D        | Noticed a sun demon
   408 | D        | Reached skill level 14 in Fighting
   409 | D        | Noticed an orange demon
   409 | D        | HP: 2/103 [freezing wraith[a mummy priest] (7)]
   409 | D        | Slain by a freezing wraith

Skill      XL: |  1  2  3  4  5  6  7  8  9 10 |
---------------+-------------------------------+-----
Fighting       | 6 8 9 11 12 13 14 | 14.0
Axes           | 6 8 9 10 11 12 13 | 13.1
Armour         | 3 5 7 8 9 |  9.7
Dodging        | 3 4 5 6 7 |  7.0
Polearms       | 1 3 6 9 12 13 | 13.1
Stealth        | 2 |  2.5

Action                   |  1- 3 |  4- 6 |  7- 9 | 10-12 || total
-------------------------+-------+-------+-------+-------++-------
Melee: Demon trident     |     6 |    30 |    15 |       ||    51
       Headbutt          |       |     6 |     8 |       ||    14
       Battleaxe         |       |       |     1 |     3 ||     4
Invok: Berserk           |     1 |       |     1 |       ||     2
       Burn Spellbooks   |       |     2 |     2 |       ||     4
  Use: Potion            |       |       |     1 |       ||     1
Armor: Shadow dragon sca |     2 |    16 |     8 |     3 ||    29
Dodge: Dodged            |     1 |     9 |     5 |    11 ||    26
